 Dungeon Crawl Stone Soup version 0.27-a0-1456-gf5a116941d (webtiles) character file.

Game seed: 11217354155505488205

46158 robertstho the Tortoise (level 14, 0/199 HPs)
             Began as a Minotaur Berserker on July 6, 2021.
             Was a High Priest of Trog.
             Succumbed to a green very ugly thing's poison
             ... on level 14 of the Dungeon.
             The game lasted 00:22:51 (17027 turns).

robertstho the Tortoise (Minotaur Berserker)       Turns: 17027, Time: 00:22:52

Health: 0/199      AC: 25    Str: 29    XL:     14   Next: 3%
Magic:  13/13      EV: 11    Int:  5    God:    Trog [*****.]
Gold:   858        SH: 13    Dex: 10    Spells: 13/13 levels left

rFire    + . .     SeeInvis .   p - +11 spear of Gloom {vorpal, Str+3}
rCold    . . .     Faith    .   H - +0 tower shield
rNeg     . . .     Spirit   .   T - +2 chain mail {rF+}
rPois    .         Reflect  .   (helmet restricted)
rElec    .         Harm     .   b - scarf {+Inv}
rCorr    .         Rampage  .   m - +0 pair of gloves
Will     +....                  x - +2 pair of boots {Stlth+}
Stlth    ..........             O - amulet of regeneration
HPRegen  1.43/turn              P - +4 ring of protection
MPRegen  0.13/turn              I - +4 ring of evasion

@: berserking (expiring), lethally poisoned (0 -> -46), quick
A: horns 2, retaliatory headbutt
a: Renounce Religion, Evoke Invisibility, Berserk, Trog's Hand, Brothers in Arms


You were on level 14 of the Dungeon.
You worshipped Trog.
Trog was extremely pleased with you.
You visited 1 branch of the dungeon, and saw 15 of its levels.
You also visited: Sewer and Gauntlet.

You collected 858 gold pieces.

Inventory:

Hand Weapons
 p - the +11 spear of Gloom (weapon) {vorpal, Str+3}
   (You took it off an orc on level 4 of the Dungeon)

   It inflicts extra damage upon your enemies.
   Str:       It affects your strength (+3).
 G - a +2 bardiche of flaming
Armour
 b - a scarf of invisibility (worn)
 m - a +0 pair of gloves (worn)
 n - a +2 cloak
 t - a +0 plate armour
 x - a +2 pair of boots of stealth (worn)
 y - a +3 scale mail of willpower
 H - a +0 tower shield (worn)
 T - a +2 chain mail of fire resistance (worn)
Jewellery
 j - a ring of willpower
 s - a ring of ice
 z - a ring of magical power
 B - a ring of willpower
 I - a +4 ring of evasion (right hand)
 J - a ring of resist corrosion
 K - a +4 ring of evasion
 O - an amulet of regeneration (around neck)
 P - a +4 ring of protection (left hand)
 S - a ring of positive energy
Wands
 a - a wand of acid (10)
 h - a wand of iceblast (37)
 v - a wand of digging (9)
Scrolls
 c - 3 scrolls of fear
 d - a scroll of immolation
 i - 4 scrolls of enchant weapon {unknown}
 k - 5 scrolls of teleportation {unknown}
 u - 3 scrolls of noise {unknown}
 A - a scroll of holy word
 C - a scroll of silence {unknown}
 D - a scroll of amnesia {unknown}
 F - 2 scrolls of enchant armour
 N - a scroll of fog {unknown}
Potions
 e - 6 potions of flight
 f - a potion of might
 g - 11 potions of curing
 l - 4 potions of brilliance {unknown}
 o - 3 potions of lignification {unknown}
 q - a potion of berserk rage
 r - 5 potions of attraction {unknown}
 w - a potion of heal wounds {unknown}
 E - a potion of haste {unknown}
 L - a potion of mutation


   Skills:
 * Level 14.7 Fighting
 + Level 7.0(11.1) Axes
 + Level 13.3(13.8) Polearms
 * Level 16.6 Armour
 * Level 10.5 Dodging
 + Level 0.2 Shields


You had 13 spell levels left.
You didn't know any spells.
Your spell library was empty.

Dungeon Overview and Level Annotations

Branches:
Dungeon (15/15)            Temple (0/1) D:7            Lair (0/6) D:8
    Orc (0/2) D:11         Vaults (0/5) D:13         Depths (0/5) D:15
  Sewer (visited)         Gauntlet (visited)

Altars:
Dithmenos
Elyvilon
Fedhas
Kikubaaqudgha
Makhleb
Nemelex Xobeh
Okawaru
Qazlal
Sif Muna
Trog
Xom

Annotations:
D:9 2 runed translucent doors


Innate Abilities, Weirdness & Mutations

You have a pair of horns on your head.
You reflexively headbutt those who attack you in melee.


Message History

A red film seems to cover your vision as you go berserk!
You feel yourself moving faster!
You feel mighty!
You feel extremely sick. The green very ugly thing kicks you.
Your shield and chain mail prevent you from hitting the green very ugly thing.
You feel very sick.
You puncture the green very ugly thing!
The green very ugly thing is lightly wounded.
You feel very sick.
The green very ugly thing kicks you but does no damage.
Your unstable footing causes you to fumble your attack.
You feel very sick.
You hear a splashing noise.
The green very ugly thing closely misses you.
You furiously retaliate!
You headbutt the green very ugly thing!
Your shield and chain mail prevent you from hitting the green very ugly thing.
The green very ugly thing is moderately wounded.
You feel very sick.
You hear a splashing noise.
You impale the green very ugly thing!!
The green very ugly thing is heavily wounded.
You feel very sick. The green very ugly thing kicks you!!
* * * LOW HITPOINT WARNING * * *
You are lethally poisoned!
The green very ugly thing poisons you!
Your unstable footing causes you to fumble your attack.
* * * LOW HITPOINT WARNING * * *
You feel extremely sick. Something hits you but does no damage.
The green very ugly thing kicks you.
* * * LOW HITPOINT WARNING * * *
Your unstable footing causes you to fumble your attack.
* * * LOW HITPOINT WARNING * * *
You feel extremely sick. Something hits you but does no damage.
Unknown command.
* * * LOW HITPOINT WARNING * * *
You feel extremely sick.
You feel a strong urge to attack something.
You die...

##≈..≈##
##...≈# ##
##≈.≈# #[
##≈.# #$.
##≈.## #(.
#8..8# #.≈
##.≈##
#≈≈# ##.≈#
#≈≈≈##@..#
#≈≈u≈≈≈##
###{≈###
####


You could see a green very ugly thing.

Vanquished Creatures
  Louise (D:14)
  A stone giant (D:15)
  A dire elephant (Gauntlet)
  A minotaur (Gauntlet)
  A fire dragon (D:15)
  Harold (D:7)
  3 boulder beetles
  2 hydras
  10 two-headed ogres
  2 dancing weapons (D:13)
  2 tengu warriors (D:15)
  7 skeletal warriors
  A wizard (Gauntlet)
  An orc knight (D:12)
  Pikel (D:5)
  An orc sorcerer (D:12)
  6 cyclopes
  19 ugly things
  2 elephants (Gauntlet)
  Joseph (D:8)
  An efreet (D:10)
  A freezing wraith (D:15)
  A tengu conjurer (D:15)
  4 trolls
  Grinder (D:6)
  A hornet (D:10)
  3 slime creatures (D:12)
  Sigmund (D:6)
  A wyvern (D:8)
  15 yaks
  2 humans (D:7)
  A basilisk (D:8)
  2 steam dragons
  Menkaure (D:7)
  An acid dragon (D:9)
  2 water moccasins
  Duvessa (D:7)
  A sky beast (D:5)
  A black bear (D:8)
  A necrophage (D:4)
  8 orc warriors
  An ogre (D:4)
  2 phantoms
  A tengu (shapeshifter) (D:14)
  4 centaurs
  A kobold brigand (D:8)
  Blork the orc (D:4)
  6 bullfrogs (D:8)
  3 gnoll sergeants
  A scorpion (D:6)
  Dowan (D:7)
  A water moccasin skeleton (D:5)
  4 killer bees (D:10)
  7 howler monkeys
  11 wights
  3 electric eels (D:8)
  5 centaur zombies
  A bullfrog zombie (D:7)
  5 hounds
  4 jellies
  7 orc priests
  A gnoll shaman (D:5)
  Crazy Yiuf (D:3)
  2 bullfrog skeletons
  A centaur skeleton (D:6)
  3 iguanas
  12 orc wizards
  2 killer bee zombies
  3 howler monkey zombies
  8 gnolls
  9 adders
  2 shadow imps (Gauntlet)
  4 white imps
  A worm (D:5)
  42 orcs
  4 bats
  3 endoplasms
  3 giant cockroaches
  4 goblins
  4 hobgoblins
  10 jackals
  10 kobolds
  A quokka (D:4)
  9 ball pythons
  8 frilled lizards
  8 rats
338 creatures vanquished.

Vanquished Creatures (collateral kills)
  A skeletal warrior (D:11)
1 creature vanquished.

Vanquished Creatures (others)
  A wizard (Gauntlet)
  An orc (D:12)
  4 fungi (D:8)
  22 plants
28 creatures vanquished.

Grand Total: 367 creatures vanquished

Notes
Turn   | Place    | Note
-------+----------+-------------------------------------------
     0 | D:1      | robertstho the Minotaur Berserker began the quest for the
                  | Orb.
     0 | D:1      | Reached XP level 1. HP: 19/19 MP: 0/0
   145 | D:1      | Found a faded altar of an unknown god.
   254 | D:1      | Reached XP level 2. HP: 16/27 MP: 1/1
   656 | D:1      | Reached ** piety under Trog
  1165 | D:2      | Reached XP level 3. HP: 34/34 MP: 2/2
  2196 | D:3      | Found a runed translucent door.
  2197 | D:3      | Noticed Crazy Yiuf
  2308 | D:3      | Reached skill level 3 in Armour
  2308 | D:3      | Reached XP level 4. HP: 41/41 MP: 3/3
  2312 | D:3      | Reached skill level 5 in Fighting
  2486 | D:3      | Reached XP level 5. HP: 41/48 MP: 4/4
  2486 | D:3      | Found a glowing drain.
  2495 | Sewer    | Entered a sewer
  2990 | Sewer    | Reached *** piety under Trog
  2991 | Sewer    | Reached skill level 5 in Axes
  3171 | D:3      | Identified a scroll of acquirement
  3171 | D:3      | Acquired a scarf of invisibility
  3571 | D:3      | Killed Crazy Yiuf
  3627 | D:4      | Noticed an ogre
  3630 | D:4      | Killed an ogre
  3631 | D:4      | Reached skill level 4 in Armour
  3631 | D:4      | Reached XP level 6. HP: 56/56 MP: 5/5
  3726 | D:4      | Noticed Blork the orc
  3736 | D:4      | Killed Blork the orc
  3986 | D:4      | Reached skill level 5 in Armour
  4009 | D:4      | Reached XP level 7. HP: 49/62 MP: 6/6
  4349 | D:4      | Identified the +11 spear of Gloom {vorpal, Str+3}
  4619 | D:5      | Entered Level 5 of the Dungeon
  4627 | D:5      | Reached skill level 6 in Armour
  4815 | D:5      | Noticed Pikel
  4823 | D:5      | Killed Pikel
  4824 | D:5      | Reached skill level 1 in Polearms
  4824 | D:5      | Reached skill level 7 in Armour
  4824 | D:5      | Reached XP level 8. HP: 71/71 MP: 7/7
  4993 | D:5      | Found a shadowy altar of Dithmenos.
  5042 | D:5      | Reached skill level 8 in Armour
  5042 | D:5      | Reached skill level 5 in Dodging
  5096 | D:5      | Reached **** piety under Trog
  5524 | D:6      | Noticed Sigmund
  5531 | D:6      | Killed Sigmund
  5581 | D:6      | Noticed Grinder
  5587 | D:6      | Killed Grinder
  5588 | D:6      | Reached XP level 9. HP: 81/81 MP: 8/8
  5687 | D:6      | Found a shimmering blue altar of Sif Muna.
  5802 | D:6      | Reached skill level 9 in Armour
  5806 | D:6      | Reached skill level 5 in Polearms
  5926 | D:6      | Identified the +3 helmet of Vijo {rC- rN+ Regen+}
  5951 | D:6      | Found a bloodstained altar of Trog.
  6309 | D:7      | Found an iron altar of Okawaru.
  6508 | D:7      | Noticed Duvessa
  6512 | D:7      | Noticed Dowan
  6516 | D:7      | Killed Duvessa
  6521 | D:7      | Killed Dowan
  6574 | D:7      | Noticed a two-headed ogre
  6582 | D:7      | Killed a two-headed ogre
  6583 | D:7      | Reached skill level 10 in Armour
  6583 | D:7      | Reached XP level 10. HP: 17/91 MP: 9/9
  6904 | D:7      | Found a white marble altar of Elyvilon.
  6925 | D:7      | Noticed Harold
  6938 | D:7      | Killed Harold
  7061 | D:7      | Found a staircase to the Ecumenical Temple.
  7088 | D:7      | Noticed Menkaure
  7090 | D:7      | Killed Menkaure
  7128 | D:7      | Reached ***** piety under Trog
  7181 | D:7      | Found a burning altar of Makhleb.
  7214 | D:7      | Reached skill level 11 in Armour
  8090 | D:8      | Noticed Joseph
  8101 | D:8      | Killed Joseph
  8389 | D:8      | Found a staircase to the Lair.
  8640 | D:8      | Noticed a two-headed ogre
  8654 | D:8      | Killed a two-headed ogre
  8655 | D:8      | Reached skill level 10 in Fighting
  9061 | D:8      | Noticed a two-headed ogre
  9068 | D:8      | Killed a two-headed ogre
  9069 | D:8      | Reached skill level 12 in Armour
  9069 | D:8      | Reached XP level 11. HP: 83/101 MP: 10/10
  9176 | D:8      | Noticed an eight-headed hydra
  9186 | D:8      | Killed an eight-headed hydra
  9315 | D:8      | Noticed a two-headed ogre
  9315 | D:8      | Noticed a two-headed ogre
  9327 | D:8      | Killed a two-headed ogre
  9338 | D:8      | Killed a two-headed ogre
  9339 | D:8      | Reached skill level 10 in Polearms
  9878 | D:9      | Noticed a two-headed ogre
  9884 | D:9      | Killed a two-headed ogre
  9902 | D:9      | Noticed a fire dragon
  9905 | D:9      | Found a runed translucent door.
  9905 | D:9      | Found a runed translucent door.
  9905 | D:9      | Noticed a fire dragon
  9905 | D:9      | Noticed an ice dragon
  9906 | D:9      | Found the +2 shield of Resistance {rF++ rC++ Will++}
  9911 | D:9      | Noticed an ice dragon
  9955 | D:9      | Received a gift from Trog
 10035 | D:9      | Found a stormy altar of Qazlal.
 10291 | D:9      | Found a shimmering altar of Xom.
 10317 | D:9      | Found a blossoming altar of Fedhas.
 10320 | D:9      | Found a sparkling altar of Nemelex Xobeh.
 10322 | D:9      | Found an ancient bone altar of Kikubaaqudgha.
 10424 | D:9      | Noticed a two-headed ogre
 10429 | D:9      | Killed a two-headed ogre
 10616 | D:10     | Entered Level 10 of the Dungeon
 10959 | D:10     | Reached skill level 13 in Armour
 11183 | D:10     | Reached XP level 12. HP: 110/111 MP: 11/11
 11318 | D:11     | Noticed a two-headed ogre
 11324 | D:11     | Killed a two-headed ogre
 11679 | D:11     | Noticed a two-headed ogre
 11697 | D:11     | Killed a two-headed ogre
 11888 | D:11     | Found a staircase to the Orcish Mines.
 11932 | D:11     | Found a shimmering altar of Xom.
 12470 | D:12     | Found a gate leading to a gauntlet.
 12479 | Gauntlet | Entered a Gauntlet
 12479 | Gauntlet | Found a transporter.
 12479 | Gauntlet | Found a transporter.
 12479 | Gauntlet | Noticed a dire elephant
 12571 | Gauntlet | Found a transporter.
 12571 | Gauntlet | Found a transporter.
 12574 | Gauntlet | Found a transporter.
 12579 | Gauntlet | Noticed a catoblepas
 12586 | Gauntlet | Found a transporter.
 12651 | Gauntlet | Found a transporter.
 12653 | Gauntlet | Found a large runed translucent door.
 12654 | Gauntlet | Found a large runed translucent door.
 12655 | Gauntlet | Found a large runed translucent door.
 12655 | Gauntlet | Found a large runed translucent door.
 12655 | Gauntlet | Found a runed translucent door.
 12655 | Gauntlet | Found a runed translucent door.
 12656 | Gauntlet | Found a large runed translucent door.
 12657 | Gauntlet | Found a large runed translucent door.
 12658 | Gauntlet | Found a large runed translucent door.
 12658 | Gauntlet | Found a large runed translucent door.
 12659 | Gauntlet | Found a runed translucent gate.
 12659 | Gauntlet | Found a runed translucent gate.
 12659 | Gauntlet | Found a runed translucent gate.
 12661 | Gauntlet | Found a transporter.
 12670 | Gauntlet | Found a large runed translucent door.
 12670 | Gauntlet | Found a large runed translucent door.
 12671 | Gauntlet | Found a large runed translucent door.
 12672 | Gauntlet | Found a large runed translucent door.
 12676 | Gauntlet | Found a transporter.
 12686 | Gauntlet | Found a transporter.
 12701 | Gauntlet | Found a transporter.
 12707 | Gauntlet | Found a transporter.
 12739 | Gauntlet | Found a large runed translucent door.
 12740 | Gauntlet | Found a large runed translucent door.
 12741 | Gauntlet | Found a large runed translucent door.
 12741 | Gauntlet | Found a large runed translucent door.
 12791 | Gauntlet | Killed a dire elephant
 12803 | Gauntlet | Reached skill level 14 in Armour
 13117 | Gauntlet | Noticed a minotaur
 13132 | Gauntlet | Killed a minotaur
 13837 | D:12     | Reached XP level 13. HP: 122/122 MP: 12/12
 14539 | D:13     | Found a gate to the Vaults.
 14558 | D:13     | Reached skill level 15 in Armour
 14891 | D:13     | You fall into a shaft and drop 2 floors!
 14891 | D:15     | Entered Level 15 of the Dungeon
 14895 | D:15     | Noticed a fire dragon
 14913 | D:15     | Killed a fire dragon
 14914 | D:15     | Reached skill level 10 in Dodging
 15422 | D:15     | Found a staircase to the Depths.
 15422 | D:15     | Noticed a stone giant
 15431 | D:15     | Killed a stone giant
 15721 | D:15     | Reached skill level 16 in Armour
 16124 | D:15     | Identified the +6 dagger of Checkmate {vorpal, *Noise rCorr
                  | Dex+8 Stlth-}
 16719 | D:14     | Noticed Louise
 16737 | D:14     | Killed Louise
 16934 | D:14     | Reached XP level 14. HP: 95/133 MP: 13/13
 17012 | D:14     | Noticed a green very ugly thing
 17027 | D:14     | Succumbed to a green very ugly thing's poison

Illustrated notes

Levels and vault maps discovered:
D:1:      dpeg_arrival_pits, layout_basic, ebering_ecumenical_altar_rust,
          item_on_display_a
D:2:      layout_basic, chequers_jeans
D:3:      layout_loops_cross, portal_sewer_entry_d, minmay_misc_feat_rugged,
          uniq_crazy_yiuf_cottage
D:4:      layout_cave_pools, uniq_blork_the_orc
D:5:      layout_rooms, nicolae_dithmenos_shadow_blocks, uniq_pikel
D:6:      layout_basic, overflow_temple_1_default, kennysheep_orc_sif_temple,
          uniq_sigmund, uniq_grinder
D:7:      layout_cave_pools, amcnicky_altar_gilded, overflow_temple_1_default,
          okawaru_humans, temple_statues, uniq_menkaure, uniq_duvessa,
          uniq_harold
D:8:      nzn_winding_woodlands_three_and_one [nzn_winding_woodlands_5x15_eye,
          nzn_winding_woodlands_5x15_split_checker,
          nzn_winding_woodlands_5x15_cabin, nzn_winding_woodlands_center_lodge],
          layout_basic, grunt_lair_entry_orc_guard_hut, serial_bayou_lagoon_a,
          uniq_joseph
D:9:      layout_irregular_city, nicolae_qazlal_general_emergency,
          dk_xom_monty_hall, grunt_temple_overflow_open, kennysheep_crisscross,
          minmay_guarded_unrand_resistance
D:10:     layout_gridville
D:11:     layout_long_grid, orc_0_dummy, xom_teletrap_fun
D:12:     layout_long_grid, gauntlet_entry_generic
D:13:     layout_irregular_city, erik_vaults_1, nicolae_wand_duel
D:14:     cheibrodos_breeding_chamber, layout_loops_corners,
          chequers_serial_rivers_micro_e, hangedman_decor_riveting, uniq_louise
D:15:     grunt_enter_depths_snipers, layout_cave_pods, minmay_misc_feat_tiny

Skill      XL: |  1  2  3  4  5  6  7  8  9 10 11 12 13 |
---------------+----------------------------------------+-----
Fighting       | 4 5 6 8 9 10 11 13 14 | 14.7
Axes           | 4 5 6 7 |  7.0
Armour         | 3 4 5 7 8 10 12 13 14 16 | 16.6
Dodging        | 3 4 5 6 7 8 9 10 | 10.5
Polearms       | 1 4 6 9 11 12 13 | 13.3
Shields        | |  0.2

Action                   |  1- 3 |  4- 6 |  7- 9 | 10-12 | 13-15 || total
-------------------------+-------+-------+-------+-------+-------++-------
Melee: Hand axe          |    73 |   113 |    18 |       |       ||   204
       Headbutt          |     8 |    20 |    42 |    97 |    71 ||   238
       Spear             |       |       |   182 |   511 |   263 ||   956
Invok: Berserk           |     4 |     5 |     5 |     8 |    10 ||    32
       Trog's Hand       |       |       |       |     1 |       ||     1
       Brothers in Arms  |       |       |       |     1 |       ||     1
  Use: Scroll            |     2 |     1 |     4 |     5 |       ||    12
Armor: Animal skin       |     6 |       |       |       |       ||     6
       Ring mail         |     9 |    27 |    30 |       |       ||    66
       Plate armour      |       |       |    28 |     4 |       ||    32
       Scale mail        |       |       |       |    71 |       ||    71
       Chain mail        |       |       |       |     7 |    69 ||    76
Dodge: Dodged            |    37 |    52 |    73 |   163 |    73 ||   398
Block: Tower shield      |       |       |       |       |    20 ||    20

Table legend: (Time is in decaauts)
 A = Elapsed time spent in this place.
 B = Non-inter-level travel time spent in this place.
 C = Inter-level travel time spent in this place.
 D = Time resting spent in this place.
 E = Time spent auto-exploring this place.
 F = Levels seen in this place.
 G = Mean time per level.
                   A        B        C        D        E       F      G
               +--------+--------+--------+--------+--------+-----+--------+
         Total |  17105 |  16579 |    526 |   2701 |  11561 |  17 | 1006.2 |
       Dungeon |  15387 |  14861 |    526 |   2158 |  10631 |  15 | 1025.8 |
         Sewer |    804 |    804 |      0 |     65 |    630 |   1 |  804.0 |
      Gauntlet |    913 |    913 |      0 |    478 |    299 |   1 |  913.0 |
               +--------+--------+--------+--------+--------+-----+--------+

Top non-repeatable levels by time:
     D:8: 1997 daAuts
    D:15: 1757 daAuts
     D:7: 1545 daAuts
    D:11: 1399 daAuts
     D:2: 1085 daAuts
     D:4: 1024 daAuts
     D:1: 973 daAuts
     D:3: 963 daAuts
Gauntlet: 913 daAuts
     D:6: 895 daAuts
   Sewer: 804 daAuts
     D:5: 784 daAuts
     D:9: 707 daAuts
    D:12: 677 daAuts
    D:10: 656 daAuts
